 Dungeon Crawl Stone Soup version 0.27-a0-1206-g6342a01c75 (webtiles) character file.

Game seed: 10493030868717812614

35 MacCMillion the Digger (level 3, 0/19 HPs)
             Began as a Gargoyle Earth Elementalist on June 5, 2021.
             Slain by an ice beast (2 damage)
             ... on level 2 of the Dungeon.
             The game lasted 00:16:09 (2311 turns).

MacCMillion the Digger (GrEE)                       Turns: 2311, Time: 00:16:10

Health: 0/19       AC:  5    Str: 11    XL:     3   Next: 35%
Magic:  6/6        EV: 11    Int: 16    God:
Gold:   23         SH:  0    Dex: 10    Spells: 2/6 levels left

rFire    . . .     SeeInvis .   a - +0 dagger
rCold    . . .     Faith    .   (no shield)
rNeg     + . .     Spirit   .   c - +0 robe
rPois    ∞         Reflect  .   (no helmet)
rElec    +         Harm     .   (no cloak)
rCorr    .         Rampage  .   (no gloves)
Will     .....                  (no boots)
Stlth    ++........             (no amulet)
HPRegen  0.06/turn              (no ring)
MPRegen  0.10/turn              (no ring)

@: no status effects
A: sickness immunity, AC +3, negative energy resistance 1, electricity
resistance, torment resistance 1, petrification resistance
a: no special abilities


You were on level 2 of the Dungeon.
You visited 1 branch of the dungeon, and saw 3 of its levels.

You collected 23 gold pieces.

Inventory:

Hand Weapons
 a - a +0 dagger (weapon)
Missiles
 b - 29 stones
Armour
 c - a +0 robe (worn)
 e - a +0 leather armour
Scrolls
 d - a scroll of identify
 f - 2 scrolls of summoning {unknown}
 g - 2 scrolls of teleportation {unknown}
 i - a scroll of noise {unknown}
 k - a scroll of enchant weapon {unknown}
Potions
 h - a potion of heal wounds
 j - a potion of lignification
 l - a potion of haste


   Skills:
 + Level 0.2 Fighting
 - Level 1.5 Dodging
 - Level 2.5 Stealth
 + Level 2.4 Spellcasting
 + Level 0.3 Conjurations
 - Level 0.8 Transmutations
 * Level 4.5 Earth Magic


You had 2 spell levels left.
You knew the following spells:

 Your Spells              Type           Power      Damage    Failure   Level
a - Sandblast             Erth           32%        2d9       3%          1
b - Stone Arrow           Conj/Erth      18%        3d8       22%         3

Your spell library contained the following spells:

 Spells                   Type           Power      Damage    Failure   Level
 Passwall                 Tmut/Erth      8%         N/A       10%         2
 Petrify                  Tmut/Erth      10%        N/A       54%         4
 Lee's Rapid Deconstruct  Erth           8%         3d8*      65%         5


Dungeon Overview and Level Annotations

Branches:
Dungeon (3/15)

Altars:

Annotations:
D:2 Sigmund


Innate Abilities, Weirdness & Mutations

You are immune to sickness and miasma.
Your stone body is resilient. (AC +3)
You are immune to poison.
You resist negative energy. (rN+)
You are resistant to electric shocks. (rElec)
You are resistant to unholy torment.
You are immune to petrification.


Message History

The adder bites you.
The ice beast hits you but does no damage.
A dart slug comes into view.
The ball python bites you but does no damage.
The ball python closely misses you.
The ball python bites you but does no damage.
The ball python grabs you. The ball python constricts you.
You escape the ball python's grasp.
The ball python bites you. The ball python grabs you.
The ball python constricts you.
The ball python's grasp on you weakens, but your attempt to escape fails.
The ball python closely misses you. The ball python constricts you.
You escape the ball python's grasp.
There is a stone staircase leading up here.
You can't go down here!
The ball python misses you. The ball python grabs you.
You stop ascending the stairs.
The ball python constricts you. The ball python barely misses you.
The ball python constricts you.
Unknown command.
Aiming: Sandblast (safe; 3% risk of failure)
Press: ? - help, Q - select action, (/) - cycle Shift-Dir - straight line, f - ball python
Aim: a ball python (constricting you, 77% to hit)
The blast of sand hits the ball python!
You kill the ball python!
The adder bites you but does no damage. The ice beast barely misses you.
The adder closely misses you.
You climb upwards.
Level annotation: Sigmund
There is a stone staircase leading down here.
The adder closely misses you.
Sigmund casts a spell at himself.
Sigmund flickers and vanishes!
Deactivating autopickup; reactivate with Ctrl-A.
The adder barely misses you. The adder bites you but does no damage.
A puff of flame appears from out of thin air!
The puff of flame hits you.
* * * LOW HITPOINT WARNING * * *
The ice beast hits you.
You die...

#......... #.######## #.# #
######### #)# # #.......# #.# #
############.......####.#
#...................{.#.#
#......[...#..YS...##.#.#
#.......(..#...@...##.#.#
#######.#.>#.......##.#.# ####
...#..#.......##@#.#####...
##########..#.......##...........
..#......#.#####.#.###...........
..#.####.#.# #.#...#...........
..#.####.#.#####.###.#.#.#####...
..#.#....#.............#.# #...
..#.#.##########.....###.#####...


You could see an ice beast and an adder.

Vanquished Creatures
  4 orcs (D:2)
  2 endoplasms
  4 goblins
  3 hobgoblins
  4 jackals (D:1)
  3 kobolds
  5 ball pythons
  A bat (D:1)
  3 frilled lizards
  A rat (D:2)
30 creatures vanquished.

Notes
Turn   | Place    | Note
-------+----------+-------------------------------------------
     0 | D:1      | MacCMillion the Gargoyle Earth Elementalist began the quest
                  | for the Orb.
     0 | D:1      | Reached XP level 1. HP: 10/10 MP: 3/3
   417 | D:1      | Reached XP level 2. HP: 15/15 MP: 3/5
   461 | D:1      | Reached skill level 4 in Earth Magic
  1230 | D:2      | Noticed Sigmund
  1617 | D:2      | Reached XP level 3. HP: 19/19 MP: 4/6
  1621 | D:2      | Learned a level 3 spell: Stone Arrow
  2258 | D:3      | Noticed an ice beast
  2311 | D:2      | Slain by an ice beast

Illustrated notes

Levels and vault maps discovered:
D:1:      zelgadis_glass_arrival_small, layout_basic
D:2:      layout_basic, basic_ecumenical_altar, uniq_sigmund
D:3:      minmay_spotlight, layout_rooms, kennysheep_ying_yang,
          overflow_temple_1_default, serial_shops, shop_fountains, shop

Skill      XL: |  1  2 |
---------------+-------+-----
Earth Magic    | 4 |  4.5
Fighting       | |  0.2
Dodging        | |  1.5
Stealth        | |  2.5
Spellcasting   | |  2.4
Conjurations   | |  0.3
Transmutations | |  0.8

Action                   || total
-------------------------++-------
Melee: Dagger            ||     1
 Cast: Sandblast         ||    53
  Use: Scroll            ||     3
Armor: Robe              ||    13
Dodge: Dodged            ||    21

Table legend: (Time is in decaauts)
 A = Elapsed time spent in this place.
 B = Non-inter-level travel time spent in this place.
 C = Inter-level travel time spent in this place.
 D = Time resting spent in this place.
 E = Time spent auto-exploring this place.
 F = Levels seen in this place.
 G = Mean time per level.
                   A        B        C        D        E       F      G
               +--------+--------+--------+--------+--------+-----+--------+
         Total |   2312 |   2245 |     67 |    247 |   1286 |   3 |  770.7 |
       Dungeon |   2312 |   2245 |     67 |    247 |   1286 |   3 |  770.7 |
               +--------+--------+--------+--------+--------+-----+--------+

Top non-repeatable levels by time:
     D:2: 1145 daAuts
     D:1: 1112 daAuts
     D:3: 54 daAuts
